 Dungeon Crawl Stone Soup version 0.24.0-123-gd5b16e6ec5 (webtiles) character file.

Game seed: 2952657594058161035, levelgen mode: deterministic

181 Curus the Chopper (level 5, 0/45 HPs)
             Began as a Minotaur Monk on Jan 20, 2020.
             Slain by a phantom (4 damage)
             ... on level 3 of the Dungeon.
             The game lasted 00:09:18 (2737 turns).

Curus the Chopper (Minotaur Monk)                   Turns: 2737, Time: 00:09:19

Health: 0/45       AC:  9    Str: 16      XL:     5   Next: 34%
Magic:  4/4        EV:  7    Int:  6 (7)  God:
Gold:   246        SH:  0    Dex: 11 (13) Spells: 4/4 levels left

rFire    . . .     SeeInvis .   a - +1 hand axe
rCold    . . .     Gourm    .   (no shield)
rNeg     . . .     Faith    .   j - +0 chain mail
rPois    .         Spirit   .   (helmet restricted)
rElec    .         Reflect  .   f - +0 cloak
rCorr    .         Harm     +   (no gloves)
MR       .....                  (no boots)
Stlth    ..........             i - amulet of harm
HPRegen  0.15/turn              (no ring)
MPRegen  0.09/turn              (no ring)

@: lethally poisoned (0 -> -1)
A: retaliatory headbutt, horns 2
a: no special abilities


You were on level 3 of the Dungeon.
You were hungry.

You visited 1 branch of the dungeon, and saw 4 of its levels.

You collected 246 gold pieces.

Inventory:

Hand Weapons
 a - a +1 hand axe (weapon)
Armour
 b - a +1 robe
 d - a +0 leather armour
 f - a +0 cloak (worn)
 g - a +0 scale mail
 j - a +0 chain mail (worn)
Jewellery
 e - an uncursed ring of teleportation
 h - a -5 ring of evasion
 i - an amulet of harm (around neck)
 k - a cursed -2 ring of intelligence
Wands
 m - a wand of polymorph (5)
Scrolls
 l - a scroll of teleportation
 n - a scroll of identify
Comestibles
 c - 10 rations


   Skills:
 - Level 3.6 Fighting
 + Level 7.4 Axes
 - Level 3.2 Dodging
 - Level 1.5 Stealth


You had 4 spell levels left.
You didn't know any spells.
Your spell library was empty.

Dungeon Overview and Level Annotations

Branches:
Dungeon (4/15)
 Temple: D:4-7

Altars:
Qazlal
Ru
Vehumet


Innate Abilities, Weirdness & Mutations

You reflexively headbutt those who attack you in melee.
You have a pair of horns on your head.


Message History

You feel sick.
The phantom is too close now for your liking.
You hit the phantom but do no damage.
The phantom is heavily damaged.
The phantom hits you but does no damage.
You miss the phantom. Your headbutt misses the phantom.
The phantom is heavily damaged.
The phantom hits you!
* * * LOW HITPOINT WARNING * * *
You miss the phantom.
The phantom is heavily damaged.
You feel sick.
The phantom hits you but does no damage.
You closely miss the phantom.
The phantom is heavily damaged.
The phantom hits you but does no damage.
You slash the phantom!
The phantom is severely damaged.
The phantom hits you.
You die...

..########.######.......# #.....
.># #.# #.......# ###.## ..#
#.###################.# ..#
#...##.............##.# ..#
########.##.#####.##.......#
..###...####.##.##.......##.####
..#E#...#E##.##.##.##.#####.#
..###...###...#.##.##.#####.#
...........#....@W..........#
......_.....#.###############
...........#.## ..###...######
###E#...#E# ..###...###
.....#.## .##.##.# ....##.#


You could see a phantom.

Vanquished Creatures
  Crazy Yiuf (D:2)
  Jessica (D:2)
  A worker ant (D:3)
  3 adders (D:3)
  An ooze (D:3)
  2 worms (D:3)
  A dart slug (D:3)
  2 leopard geckos
  6 orcs (D:3)
  6 bats
  4 giant cockroaches
  5 hobgoblins
  3 quokkas
  3 ball pythons
  3 frilled lizards
  3 goblins
  8 kobolds
  7 rats
60 creatures vanquished.

Notes
Turn   | Place    | Note
-------+----------+-------------------------------------------
     0 | D:1      | Curus the Minotaur Monk began the quest for the Orb.
     0 | D:1      | Reached XP level 1. HP: 19/19 MP: 0/0
   160 | D:1      | Reached skill level 4 in Axes
   348 | D:1      | Reached XP level 2. HP: 26/26 MP: 1/1
  1200 | D:2      | Noticed Jessica
  1202 | D:2      | Killed Jessica
  1202 | D:2      | Reached skill level 5 in Axes
  1202 | D:2      | Reached XP level 3. HP: 31/31 MP: 2/2
  1397 | D:2      | Found a runed translucent door.
  1398 | D:2      | Noticed Crazy Yiuf
  1808 | D:2      | Killed Crazy Yiuf
  1808 | D:2      | Reached skill level 6 in Axes
  1808 | D:2      | Reached XP level 4. HP: 17/39 MP: 3/3
  2184 | D:3      | Found a stormy altar of Qazlal.
  2186 | D:3      | Noticed a water elemental
  2186 | D:3      | Noticed an air elemental
  2187 | D:3      | Noticed an earth elemental
  2187 | D:3      | Noticed a fire elemental
  2300 | D:3      | Found a sacrificial altar of Ru.
  2393 | D:3      | Reached XP level 5. HP: 27/45 MP: 4/4
  2413 | D:3      | Reached skill level 7 in Axes
  2702 | D:4      | Found a radiant altar of Vehumet.
  2702 | D:4      | Noticed a phantom
  2737 | D:3      | Slain by a phantom

Levels and vault maps discovered:
D:1:      dpeg_arrival_brainrot, layout_basic, solitary_fountain,
          dk_noncrumbling_2
D:2:      layout_basic, first_ration, minmay_crystal_water,
          hangedman_glass_teeth, uniq_jessica, uniq_crazy_yiuf_cottage
D:3:      layout_loops_cross, nicolae_qazlal_style_of_elements,
          nicolae_ru_path_of_blood, kennysheep_potato
D:4:      layout_basic, nicolae_overflow_hidden_temple,
          minmay_temple_entry_junction, interstate_on_off,
          chequers_serial_rivers_micro_d

Skill      XL: |  1  2  3  4  5 |
---------------+----------------+-----
Axes           | 4 5 6 7 |  7.4
Fighting       | |  3.6
Dodging        | |  3.2
Stealth        | |  1.5

Action                   |  1- 3 |  4- 6 || total
-------------------------+-------+-------++-------
Melee: Hand axe          |    42 |    88 ||   130
       Headbutt          |     6 |     9 ||    15
  Use: Potion            |     6 |     1 ||     7
       Scroll            |     5 |     3 ||     8
 Stab: Sleeping          |     1 |       ||     1
  Eat: Chunk             |     2 |     3 ||     5
Armor: Robe              |     1 |       ||     1
       Scale mail        |     2 |    12 ||    14
       Leather armour    |     2 |       ||     2
       Chain mail        |       |    34 ||    34
Dodge: Dodged            |    18 |    16 ||    34
